 Dungeon Crawl Stone Soup version 0.22-a0-617-g6d95e9e (webtiles) character file.

10810 Amnesiac the Fighter (level 11, -4/68 HPs)
             Began as a Deep Elf Wizard on July 12, 2018.
             Was an Elder of Vehumet.
             Slain by an orange demon (13 damage)
             ... summoned by a kobold demonologist
             ... on level 11 of the Dungeon.
             The game lasted 00:25:02 (11338 turns).

Amnesiac the Fighter (Deep Elf Wizard)             Turns: 11338, Time: 00:25:03

Health: -4/68      AC:  5    Str:  4    XL:     11   Next: 41%
Magic:  2/23       EV: 17    Int: 27    God:    Vehumet [****..]
Gold:   64         SH:  5    Dex: 13    Spells: 7/24 levels left

rFire    + . .     SeeInvis .   o - +2 dagger (venom)
rCold    + . .     Gourm    .   E - +0 buckler
rNeg     . . .     Faith    .   a - +0 robe
rPois    .         Spirit   .   u - +0 helmet
rElec    .         Reflect  .   g - +0 cloak
rCorr    .         Harm     +   (no gloves)
MR       ++...                  b - +0 pair of boots
Stlth    +.........             z - amulet of harm
HPRegen  0.21/turn              B - ring of Daoredal {Wiz rF+ MR+ Stlth-}
MPRegen  0.18/turn              n - ring of protection from cold

@: no status effects
A: no striking features
a: Renounce Religion


You were on level 11 of the Dungeon.
You worshipped Vehumet.
Vehumet was greatly pleased with you.
You were near starving.

You visited 2 branches of the dungeon, and saw 12 of its levels.

You collected 700 gold pieces.
You spent 636 gold pieces at shops.

Inventory:

Hand Weapons
 o - a +2 dagger of venom (weapon)
Armour
 a - a +0 robe (worn)
 b - a +0 pair of boots (worn)
 g - a +0 cloak (worn)
 u - a +0 helmet (worn)
 y - a scarf of cloud immunity
 E - a +0 buckler (worn)
Jewellery
 n - a ring of protection from cold (right hand)
 v - an uncursed ring of wizardry
 z - an amulet of harm (around neck)
 B - the ring of Daoredal (left hand) {Wiz rF+ MR+ Stlth-}
   (You bought it in a shop on level 9 of the Dungeon)

   [ring of wizardry]

   It improves your spell success rate.
   It protects you from fire.
   It affects your resistance to hostile enchantments.
   It makes you less stealthy.
Wands
 j - a wand of polymorph (14)
 l - a wand of random effects (19)
Scrolls
 c - 5 scrolls of teleportation {!r}
 e - 7 scrolls of remove curse {!r}
 q - a scroll of enchant weapon {!r}
 x - a scroll of fear {!r}
 A - 2 scrolls of blinking {!r}
 D - a scroll of identify {!r}
 F - a scroll of magic mapping {!r}
Potions
 f - a potion of curing {!q}
 h - 2 potions of magic {!q}
 i - 2 potions of brilliance {!q, unknown}
 k - 2 potions of lignification {!q}
 m - a potion of haste {!q}
 p - a potion of mutation {!q, unknown}
 r - 2 potions of cancellation {!q}
 s - a potion of berserk rage {!q, unknown}
 t - 5 potions of heal wounds {!q}
 w - 3 potions of flight {!q}
 C - a potion of agility {!q}
Comestibles
 d - 22 rations


   Skills:
 - Level 8.2 Fighting
 - Level 8.2 Dodging
 - Level 2.4 Stealth
 - Level 4.0 Shields
 - Level 7.0 Spellcasting
 - Level 7.2 Conjurations
 - Level 1.1 Summonings
 - Level 1.1 Translocations
 + Level 4.5 Fire Magic
 - Level 7.1 Ice Magic
 - Level 7.1 Earth Magic


You had 7 spell levels left.
You knew the following spells:

 Your Spells              Type           Power        Failure   Level  Hunger
a - Throw Icicle          Conj/Ice       #####...     1%          4    ##.....
b - Call Imp              Summ           ###.....     2%          2    None
d - Stone Arrow           Conj/Erth      #####.       1%          3    None
e - Mephitic Cloud        Conj/Pois/Air  ###.....     1%          3    None
s - Conjure Flame         Conj/Fire      #####...     1%          3    None
v - Blink                 Tloc           N/A          2%          2    None

Your spell library contained the following spells:

 Spells                   Type           Power        Failure   Level  Hunger
 Magic Dart               Conj           ####         1%          1    None
 Apportation              Tloc           ###...       1%          1    None
 Slow                     Hex            #.......     3%          2    None
 Confuse                  Hex            #.......     7%          3    None
 Summon Small Mammal      Summ           ###.         1%          1    None
 Animate Skeleton         Necr           N/A          2%          1    None
 Confusing Touch          Hex            #.....       2%          1    None
 Metabolic Englaciation   Hex/Ice        ####......   16%         5    #####..
 Petrify                  Tmut/Erth      ####....     6%          4    ##.....
 Gell's Gravitas          Tloc           ###.......   4%          3    None
 Yara's Violent Unravell  Hex/Tmut       #.........   17%         5    #####..


Dungeon Overview and Level Annotations

Branches:
Dungeon (11/15)            Temple (1/1) D:4            Lair (0/6) D:9
    Orc: D:9-12

Altars:
Ashenzari
Cheibriados
Dithmenos
Elyvilon
Fedhas
Gozag
Hepliaklqana
Kikubaaqudgha
Makhleb
Nemelex Xobeh
Okawaru
Qazlal
Ru
Sif Muna
Trog
Uskayaw
Vehumet
Wu Jian
Xom
Yredelemnul
Zin
The Shining One
Beogh

Shops:
D:9 =}%(   D:10 *


Message History

The chaos spawn is heavily wounded.
The chaos spawn closely misses you.
You are near starving!
You barely miss the chaos spawn.
The chaos spawn is severely wounded.
The chaos spawn gores you!
Unknown command.
You hit the chaos spawn but do no damage.
The chaos spawn looks as sick as possible!
The chaos spawn is severely wounded.
The iron imp disappears in a puff of smoke!
The chaos spawn gores you.
You feel your power leaking away.
You hit the chaos spawn but do no damage.
The chaos spawn looks as sick as possible!
The chaos spawn is severely wounded.
You block the chaos spawn's attack.
Unknown command.
You hit the chaos spawn but do no damage.
The chaos spawn is almost dead.
The kobold demonologist mumbles some strange words.
The chaos spawn hits you. The chaos spawn shocks you.
* * * LOW HITPOINT WARNING * * *
Unknown command.
You closely miss the chaos spawn.
The chaos spawn is almost dead.
You kill the chaos spawn!
The chaos spawn degenerates into a cloud of primal chaos!
The kobold demonologist looks encouraged for a moment.
An orc priest comes into view. It is wielding a hand axe.
Casting: Throw Icicle (safe; 1% risk of failure)
Confirm with . or Enter, or press ? or * to list all spells.
You don't have enough magic to cast that spell.
Unknown command.
You hit the kobold demonologist.
The kobold demonologist is heavily wounded.
You block the kobold demonologist's attack.
You hit the kobold demonologist but do no damage.
The kobold demonologist is poisoned.
The kobold demonologist is heavily wounded.
The kobold demonologist hits you but does no damage.
You hit the kobold demonologist but do no damage.
The kobold demonologist looks as sick as possible!
The kobold demonologist is heavily wounded.
The kobold demonologist casts a spell.
You hit the kobold demonologist but do no damage.
The kobold demonologist is severely wounded.
The kobold demonologist closely misses you.
The orange demon stings you!
* * * LOW HITPOINT WARNING * * *
The orange demon hits you.
* * * LOW HITPOINT WARNING * * *
Unknown command.
You closely miss the kobold demonologist.
The kobold demonologist is severely wounded.
The kobold demonologist miscasts a cantrip.
The orange demon closely misses you. The orange demon completely misses you.
Unknown command.
The orange demon stings you!
* * * LOW HITPOINT WARNING * * *
The orange demon hits you but does no damage.
Unknown command.
The orange demon stings you from afar!
You die...

.... #' #.K #.#
#4# ..# ##5# #.#
#..#
####.#######.##
#......4.4.4o#
#......K######
#.......@...#
#.......###.....
####.#### ###
#.## .. #..# .#
##.# ##.# #.#
#..# #####'##
####.####
#......#
#.......#


You could see an orange demon and a kobold demonologist.

Vanquished Creatures
  3 two-headed ogres
  An unseen horror (D:10)
  Pikel (D:6)
  An ugly thing (D:10)
  A manticore (D:10)
  Psyche (D:8)
  A komodo dragon (D:9)
  A queen bee (D:8)
  2 trolls (D:9)
  3 hippogriffs
  2 hungry ghosts
  A warg (D:11)
  3 orc warriors
  3 phantoms
  3 ice beasts
  3 ogres
  4 necrophages
  4 centaurs
  3 bullfrogs
  2 scorpions
  18 killer bees
  2 howler monkeys
  4 wights (D:9)
  3 jellies
  3 crimson imps
  2 quasits
  A bullfrog zombie (D:9)
  3 centaur zombies
  6 bullfrog skeletons
  3 hounds
  Crazy Yiuf (D:7)
  7 orc priests
  A centaur skeleton (D:8)
  6 orc wizards
  An iguana (D:10)
  Terence (D:2)
  8 worker ants
  A hound zombie (D:6)
  3 gnolls (D:9)
  A river rat (D:6)
  13 adders
  5 shadow imps
  2 oozes
  An adder zombie (D:9)
  2 worms (D:2)
  A dart slug (D:2)
  7 leopard geckos
  64 orcs
  2 giant cockroaches
  5 goblins
  10 hobgoblins
  9 jackals
  3 quokkas
  2 ball pythons
  6 bats
  4 frilled lizards
  A jackal skeleton (D:5)
  3 kobolds
  A quokka skeleton (D:7)
  A quokka zombie (D:7)
  6 rats
266 creatures vanquished.

Vanquished Creatures (collateral kills)
  An ice beast (D:7)
  A killer bee (D:9)
2 creatures vanquished.

Vanquished Creatures (others)
  A killer bee (D:8)
  A worker ant (D:6)
  A leopard gecko (D:6)
  2 rats (D:6)
  A plant (D:9)
6 creatures vanquished.

Grand Total: 274 creatures vanquished

Notes
Turn   | Place    | Note
-------+----------+-------------------------------------------
     0 | D:1      | Amnesiac the Deep Elf Wizard began the quest for the Orb.
     0 | D:1      | Reached XP level 1. HP: 10/10 MP: 7/7
   259 | D:1      | Reached XP level 2. HP: 16/16 MP: 4/9
   263 | D:1      | Learned a level 2 spell: Blink
   266 | D:1      | Learned a level 2 spell: Call Imp
   493 | D:2      | Reached skill level 1 in Fighting
   493 | D:2      | Reached XP level 3. HP: 20/20 MP: 2/11
   498 | D:2      | Learned a level 3 spell: Conjure Flame
   502 | D:2      | Learned a level 3 spell: Mephitic Cloud
   591 | D:3      | Noticed an ice beast
   960 | D:3      | Reached XP level 4. HP: 26/26 MP: 0/12
  1801 | D:4      | Noticed a centaur
  1811 | D:4      | Noticed a centaur
  1812 | D:4      | Killed a centaur
  1812 | D:4      | Reached XP level 5. HP: 24/32 MP: 1/13
  2073 | D:2      | Killed an ice beast
  2073 | D:2      | Reached XP level 6. HP: 26/37 MP: 0/14
  2160 | D:2      | Noticed Terence
  2202 | D:2      | Killed Terence
  2880 | D:4      | Found a staircase to the Ecumenical Temple.
  2889 | Temple   | Entered the Ecumenical Temple
  3034 | Temple   | Became a worshipper of Vehumet
  3172 | D:4      | Reached XP level 7. HP: 44/44 MP: 9/15
  3314 | D:4      | Found a shimmering altar of Xom.
  3376 | D:5      | Entered Level 5 of the Dungeon
  3581 | D:5      | Reached skill level 5 in Fighting
  3581 | D:5      | Reached skill level 5 in Dodging
  3900 | D:5      | Found a hazy altar of Hepliaklqana.
  4027 | D:5      | Reached * piety under Vehumet
  4027 | D:5      | Offered knowledge of Shock by Vehumet.
  4252 | D:6      | Reached XP level 8. HP: 51/51 MP: 1/16
  4436 | D:6      | Found a deep blue altar of Sif Muna.
  4688 | D:6      | Noticed Pikel
  4709 | D:6      | Killed Pikel
  5115 | D:6      | Reached XP level 9. HP: 42/58 MP: 2/17
  5645 | D:7      | Offered knowledge of Throw Frost by Vehumet.
  5650 | D:7      | Reached ** piety under Vehumet
  5657 | D:7      | Found an iron altar of Okawaru.
  5661 | D:7      | Learned a level 2 spell: Throw Frost
  5886 | D:7      | Found a runed door.
  5918 | D:7      | Reached skill level 1 in Ice Magic
  6140 | D:7      | Noticed Crazy Yiuf
  6160 | D:7      | Killed Crazy Yiuf
  6420 | D:8      | Noticed Psyche
  6428 | D:8      | Killed Psyche
  6490 | D:8      | Noticed a two-headed ogre
  6512 | D:8      | Killed a two-headed ogre
  6512 | D:8      | Reached skill level 5 in Spellcasting
  6512 | D:8      | Reached skill level 5 in Conjurations
  6512 | D:8      | Reached skill level 5 in Ice Magic
  7331 | D:8      | Reached XP level 10. HP: 28/64 MP: 7/20
  7761 | D:8      | Found a sacrificial altar of Ru.
  7942 | D:8      | Offered knowledge of Stone Arrow by Vehumet.
  7947 | D:8      | Learned a level 3 spell: Stone Arrow
  8492 | D:9      | Reached *** piety under Vehumet
  8596 | D:9      | Reached skill level 1 in Earth Magic
  8892 | D:9      | Found Qoism's Weapon Boutique.
  9008 | D:9      | Found Usiquitt's Food Boutique.
  9206 | D:9      | Found a staircase to the Lair.
  9228 | D:9      | Found Faec Ceu's Gadget Shop.
  9301 | D:9      | Reached skill level 5 in Earth Magic
  9386 | D:9      | Found Hootiquf's Jewellery Shoppe.
  9390 | D:9      | Bought the ring of Daoredal {Wiz rF+ MR+ Stlth-} for 482 gold pieces
  9511 | D:9      | Offered knowledge of Static Discharge by Vehumet.
  9571 | D:9      | Found a roughly hewn altar of Beogh.
  9664 | D:10     | Entered Level 10 of the Dungeon
  9765 | D:10     | Noticed a two-headed ogre
  9769 | D:10     | Killed a two-headed ogre
  9899 | D:10     | Reached skill level 1 in Fire Magic
  9899 | D:10     | Reached XP level 11. HP: 68/68 MP: 6/23
 10045 | D:10     | Found Vitiq's Assorted Antiques.
 10050 | D:10     | Bought a scroll labeled TYUVUIRRYLL for 28 gold pieces
 10063 | D:10     | Killed an unseen horror
 10069 | D:10     | Bought a buckler for 126 gold pieces
 10140 | D:10     | Reached **** piety under Vehumet
 10390 | D:11     | Offered knowledge of Throw Icicle by Vehumet.
 10413 | D:11     | Reached skill level 1 in Shields
 10424 | D:11     | Learned a level 4 spell: Throw Icicle
 10480 | D:11     | Noticed a two-headed ogre
 10485 | D:11     | Killed a two-headed ogre
 10773 | D:11     | Noticed a green ugly thing
 10792 | D:10     | Killed a green ugly thing
 11320 | D:11     | Paralysed by a chaos spawn for 3 turns
 11338 | D:11     | Slain by an orange demon

Vault maps used:
D:1:      lightli_arrival_chessboard, minivault_24
D:2:      uniq_terence
D:3:      first_ration, serial_co_window_serial, co_window_of_opportunity_a,
          co_window_paths_a, co_window_paths_b, co_window_paths_b,
          co_window_corner_a, co_window_of_opportunity_b,
          co_window_unsneaky_path_a, co_window_broadway_c, co_window_paths_c,
          co_window_2corner, co_window_unsneaky_path_a,
          co_window_unsneaky_path_c, glass_columns_b, glass_columns_b,
          glass_columns_b
D:4:      minmay_temple_entry_grid, xom_teletrap_fun
D:5:      lemuel_coloured_pillars_altar
D:6:      nicolae_overflow_crystal_walls, gup_sewer_entry_bowl, uniq_pikel
D:7:      okawaru_ov_weapons_minmay, uniq_crazy_yiuf_cottage
D:8:      kennysheep_mini, david_nohive_1, uniq_psyche
D:9:      david_lair_shrubbed, serial_shops, nicolae_shop_waterfront, shop,
          shop, nicolae_shop_competitors_out_of_business, special_room
D:10:     serial_shops, shop
D:11:     erik_orc_4
Temple:   regret_index_temple_mists

Skill      XL: |  1  2  3  4  5  6  7  8  9 10 11 |
---------------+----------------------------------+-----
Conjurations   | 2 3 4 5 7 |  7.2
Fighting       | 1 3 4 5 7 8 |  8.2
Dodging        | 4 5 7 8 |  8.2
Ice Magic      | 6 7 |  7.1
Spellcasting   | 5 7 |  7.0
Earth Magic    | 7 |  7.1
Fire Magic     | 1 4 |  4.5
Shields        | 4 |  4.0
Stealth        | |  2.4
Summonings     | |  1.1
Translocations | |  1.1

Action                   |  1- 3 |  4- 6 |  7- 9 | 10-12 || total
-------------------------+-------+-------+-------+-------++-------
Melee: Spear             |     8 |    49 |   109 |    44 ||   210
       Unarmed           |       |       |     4 |       ||     4
       Dagger            |       |       |       |    57 ||    57
 Cast: Magic Dart        |    89 |   108 |   237 |       ||   434
       Mephitic Cloud    |       |     4 |    13 |     6 ||    23
       Conjure Flame     |       |     2 |    10 |     8 ||    20
       Call Imp          |       |       |     3 |       ||     3
       Throw Frost       |       |       |    58 |    55 ||   113
       Blink             |       |       |     1 |       ||     1
       Stone Arrow       |       |       |       |   110 ||   110
       Throw Icicle      |       |       |       |    33 ||    33
Evoke: Wand              |       |       |    16 |       ||    16
  Use: Scroll            |     3 |       |    11 |     4 ||    18
       Potion            |       |       |       |     3 ||     3
 Stab: Confused          |       |     4 |     5 |     2 ||    11
       Sleeping          |       |       |     1 |       ||     1
  Eat: Chunk             |       |     7 |    14 |    14 ||    35
       Ration            |       |       |       |     1 ||     1
Armor: Robe              |     2 |     5 |    65 |    31 ||   103
       Skin              |       |       |       |     1 ||     1
Dodge: Dodged            |     6 |    24 |   201 |   151 ||   382
Block: Buckler           |       |       |       |    14 ||    14

Table legend:
 A = Spawn XP
 B = Non-spawn XP
 C = Spawn XP percentage of total XP
 D = Spawn monster count
 E = Non-spawn monster count
 F = Spawn count percentage of total count
 G = Total turns spent on level
                    A         B        C        D         E        F      G
               +---------+---------+-------+---------+---------+-------+---------
         Total |       0 |   15443 |   0.0 |       0 |     269 |   0.0 | 11338
               +---------+---------+-------+---------+---------+-------+---------
           D:1 |       0 |      26 |   0.0 |       0 |      17 |   0.0 |   465
           D:2 |       0 |     227 |   0.0 |       0 |      17 |   0.0 |   874
           D:3 |       0 |     140 |   0.0 |       0 |      26 |   0.0 |  1403
           D:4 |       0 |     470 |   0.0 |       0 |      15 |   0.0 |   498
           D:5 |       0 |     309 |   0.0 |       0 |      14 |   0.0 |   624
           D:6 |       0 |    1779 |   0.0 |       0 |      28 |   0.0 |  1229
           D:7 |       0 |     569 |   0.0 |       0 |      19 |   0.0 |   949
           D:8 |       0 |    3265 |   0.0 |       0 |      36 |   0.0 |  1921
           D:9 |       0 |    2839 |   0.0 |       0 |      49 |   0.0 |  1537
          D:10 |       0 |    3913 |   0.0 |       0 |      28 |   0.0 |  1294
          D:11 |       0 |    1906 |   0.0 |       0 |      20 |   0.0 |   380
               +---------+---------+-------+---------+---------+-------+---------
